 Dungeon Crawl Stone Soup version 0.26-b1-45-g23770d1d51 (webtiles) character file.

Game seed: 10309784029700096271

2589 DocSulfur the Grappler (level 9, -4/75 HPs)
             Began as a Purple Draconian Transmuter on Jan 6, 2021.
             Was a Priest of Makhleb.
             Slain by a bullfrog (9 damage)
             ... on level 7 of the Dungeon.
             The game lasted 00:29:53 (10261 turns).

DocSulfur the Grappler (DrTm)                      Turns: 10261, Time: 00:29:53

Health: -4/75      AC:  7    Str: 15    XL:     9   Next: 33%
Magic:  18/18      EV: 12    Int: 13    God:    Makhleb [***...]
Gold:   334        SH:  0    Dex: 13    Spells: 17/20 levels left

rFire    . . .     SeeInvis .     - Unarmed
rCold    . . .     Faith    .   (no shield)
rNeg     . . .     Spirit   .   (armour unavailable)
rPois    .         Reflect  .   (helmet currently unavailable)
rElec    .         Harm     .   (no cloak)
rCorr    +         Rampage  .   (no gloves)
Will     +....                  (boots currently unavailable)
Stlth    +.........             (no amulet)
HPRegen  0.22/turn              d - ring of resist corrosion
MPRegen  0.16/turn              (no ring)

@: mighty, brilliant, lethally poisoned (-4 -> -5), appendages, berserk
cooldown, slowed, very slow
A: breathe power, unfitting armour, horns 2, talons 2, cold-blooded, AC +7
a: Breathe Dispelling Energy, End Transformation, Renounce Religion, Minor
Destruction, Lesser Servant of Makhleb


You were on level 7 of the Dungeon.
You worshipped Makhleb.
Makhleb was most pleased with you.
You had grown temporary horns.
You had grown temporary talons.
You visited 2 branches of the dungeon, and saw 9 of its levels.
You also visited: Ossuary.

You collected 334 gold pieces.

Inventory:

Hand Weapons
 e - a +0 shortbow
Missiles
 h - 180 stones (quivered)
 i - 39 sling bullets
 l - 104 arrows
 s - 16 poisoned darts
 u - 51 bolts
 I - a throwing net
Armour
 t - a +0 pair of boots (melded)
Jewellery
 d - a ring of resist corrosion (left hand)
Wands
 H - a wand of polymorph (7)
 J - a wand of random effects (7)
Scrolls
 a - 2 scrolls of teleportation
 k - 2 scrolls of identify
 q - 2 scrolls of remove curse
 x - 4 scrolls of enchant armour {unknown}
 y - a scroll of fog
 z - a scroll of noise {unknown}
 E - a scroll of vulnerability {unknown}
 F - 2 scrolls of immolation
 G - 2 scrolls of amnesia
Potions
 b - a potion of magic {unknown}
 c - a potion of resistance {unknown}
 g - 2 potions of brilliance
 n - a potion of degeneration {unknown}
 p - a potion of might
 r - 2 potions of haste {unknown}
 v - 2 potions of flight {unknown}
 w - a potion of ambrosia {unknown}
 A - a potion of attraction {unknown}
 B - a potion of lignification {unknown}
 D - a potion of berserk rage


   Skills:
 + Level 5.7 Fighting
 - Level 1.7 Dodging
 * Level 8.1 Unarmed Combat
 - Level 6.0 Spellcasting
 * Level 7.6 Transmutations


You had 17 spell levels left.
You knew the following spells:

 Your Spells              Type           Power        Failure   Level
a - Beastly Appendage     Tmut           70%          1%          1
b - Wereblood             Tmut           35%          1%          2

Your spell library contained the following spells:

 Spells                   Type           Power        Failure   Level
 Spider Form              Tmut/Pois      10%          11%         3
 Blade Hands              Tmut           17%          21%         5
 Ice Form                 Ice/Tmut       20%          34%         4


Dungeon Overview and Level Annotations

Branches:
Dungeon (8/15)             Temple (1/1) D:4            Lair (0/6) D:8
Ossuary (visited)

Altars:
Ashenzari
Cheibriados
Dithmenos
Elyvilon
Fedhas
Gozag
Hepliaklqana
Kikubaaqudgha
Makhleb
Nemelex Xobeh
Okawaru
Qazlal
Ru
Sif Muna
Trog
Uskayaw
Vehumet
Wu Jian
Xom
Yredelemnul
Zin
The Shining One

Shops:
D:6 :   D:7 (


Innate Abilities, Weirdness & Mutations

You can breathe bolts of dispelling energy.
Your rich purple scales are hard. (AC +7)
You cannot fit into any form of body armour.
You are cold-blooded and may be slowed by cold attacks.
You have a pair of horns on your head.
You have razor-sharp toenails.


Message History

Your primal bloodlust has ended.
You feel sick.
A wight comes into view. It is wielding a +0 mace.
The bullfrog hits you.
* * * LOW HITPOINT WARNING * * *
The bullfrog misses you. The bullfrog hits you.
* * * LOW HITPOINT WARNING * * *
The ice beast hits you.
* * * LOW HITPOINT WARNING * * *
The ice beast freezes you.
You feel as though you will be slow longer.
* * * LOW HITPOINT WARNING * * *
Okay, then.
Unknown command.
Unknown command.
You feel sick. The bullfrog barely misses you.
It was a potion of brilliance.
You feel clever all of a sudden. The bullfrog hits you!
You die...

..... #.........
....... .........#
....... #.....z.:####
.. .......
#...........#.).
......##........?.....#
#.............[).#####
#....../....<##.### #
#...FO............#.#
#...@Y.....#.###.....
#....Z.....###.......
###...........Fh.....
##.....##..>.h....#
......##..........
#.....##...........
##....###..........
.....##...........
............


You could see an ice beast, an ogre, a bullfrog, a wight and a jackal skeleton.

Vanquished Creatures
  Sigmund (D:5)
  Eustachio (D:5)
  Menkaure (Ossuary)
  Duvessa (D:6)
  An orc warrior (D:7)
  A sky beast (D:7)
  An ogre (D:4)
  3 centaurs
  4 bullfrogs (D:6)
  A gnoll sergeant (D:6)
  Dowan (D:6)
  A water moccasin skeleton (D:7)
  A scorpion (D:4)
  3 killer bees (D:7)
  2 wights
  A jelly (D:7)
  A centaur zombie (D:6)
  A hound (D:4)
  An orc priest (D:7)
  A bullfrog skeleton (D:7)
  4 iguanas
  3 orc wizards
  7 worker ants
  2 hound skeletons
  3 mummies (Ossuary)
  A howler monkey skeleton (D:6)
  3 gnolls (D:6)
  8 adders
  A shadow imp (D:5)
  3 white imps
  2 oozes
  An ufetubus (D:6)
  An adder skeleton (D:7)
  5 worms
  3 dart slugs
  3 leopard geckos
  18 orcs
  5 giant cockroaches
  5 gnoll zombies (Ossuary)
  9 hobgoblins
  11 jackals
  3 quokkas
  2 ball pythons
  7 bats
  6 frilled lizards
  5 gnoll skeletons (Ossuary)
  8 goblins
  3 goblin skeletons (Ossuary)
  4 goblin zombies
  9 hobgoblin skeletons (Ossuary)
  3 hobgoblin zombies (Ossuary)
  9 kobolds
  3 kobold skeletons (Ossuary)
  3 kobold zombies (Ossuary)
  An orc skeleton (Ossuary)
  7 orc zombies (Ossuary)
  A quokka zombie (D:5)
  7 rats
  2 rat skeletons (Ossuary)
  4 rat zombies (Ossuary)
213 creatures vanquished.

Vanquished Creatures (others)
  A hobgoblin skeleton (Ossuary)
  A kobold skeleton (Ossuary)
  6 withered plants (D:7)
8 creatures vanquished.

Grand Total: 221 creatures vanquished

Notes
Turn   | Place    | Note
-------+----------+-------------------------------------------
     0 | D:1      | DocSulfur the Draconian Transmuter began the quest for the
                  | Orb.
     0 | D:1      | Reached XP level 1. HP: 16/16 MP: 3/3
   360 | D:1      | Reached XP level 2. HP: 12/23 MP: 3/5
  1261 | D:2      | Learned a level 2 spell: Wereblood
  1516 | D:2      | Reached XP level 3. HP: 28/28 MP: 2/6
  1948 | D:2      | Reached XP level 4. HP: 36/36 MP: 3/7
  3392 | D:3      | Reached skill level 4 in Unarmed Combat
  4032 | D:4      | Noticed an ogre
  4251 | D:4      | Reached XP level 5. HP: 26/41 MP: 4/8
  4469 | D:4      | Noticed a centaur
  4492 | D:4      | Killed a centaur
  4493 | D:4      | Reached XP level 6. HP: 22/50 MP: 7/10
  4832 | D:4      | Found a staircase to the Ecumenical Temple.
  4921 | Temple   | Entered the Ecumenical Temple
  5373 | D:4      | Reached skill level 5 in Unarmed Combat
  5641 | D:4      | Found a burning altar of Makhleb.
  5879 | D:4      | Became a worshipper of Makhleb the Destroyer
  6404 | D:5      | Entered Level 5 of the Dungeon
  6627 | D:5      | Your scales start taking on a rich purple colour.
  6627 | D:5      | Reached XP level 7. HP: 27/57 MP: 11/13
  6675 | D:5      | Noticed Eustachio
  6705 | D:5      | Killed Eustachio
  6706 | D:5      | Reached skill level 5 in Transmutations
  6793 | D:5      | Found a sand-covered staircase.
  6801 | Ossuary  | Entered an ossuary
  7059 | Ossuary  | Reached * piety under Makhleb
  7176 | Ossuary  | Noticed Menkaure
  7181 | Ossuary  | Killed Menkaure
  7182 | Ossuary  | Reached skill level 6 in Unarmed Combat
  7197 | Ossuary  | Reached ** piety under Makhleb
  7486 | D:5      | Noticed Sigmund
  7496 | D:5      | Killed Sigmund
  7497 | D:5      | Reached XP level 8. HP: 54/66 MP: 13/15
  8317 | D:6      | Reached skill level 5 in Spellcasting
  8537 | D:6      | Found Rilenk's Book Emporium.
  8884 | D:6      | Reached skill level 7 in Unarmed Combat
  9138 | D:6      | Reached skill level 5 in Fighting
  9189 | D:7      | Noticed Duvessa
  9194 | D:7      | Noticed Dowan
  9310 | D:7      | Found Ruatouse's Antique Weapon Shoppe.
  9373 | D:6      | Reached *** piety under Makhleb
  9383 | D:6      | Killed Duvessa
  9399 | D:6      | Killed Dowan
  9658 | D:6      | Reached XP level 9. HP: 34/74 MP: 15/17
  9842 | D:8      | Found a staircase to the Lair.
 10247 | D:7      | Reached skill level 8 in Unarmed Combat
 10261 | D:7      | Slain by a bullfrog

Illustrated notes

Levels and vault maps discovered:
D:1:      dpeg_arrival_ternary, layout_basic, minmay_octomino_j4
D:2:      layout_basic
D:3:      layout_loops_ring
D:4:      layout_layer_cave, lemuel_coloured_pillars_altar,
          minmay_temple_entry_statues_pillars, nrook_loot_triangle, minivault_5
D:5:      layout_gridville, enter_ossuary_4, uniq_eustachio, uniq_sigmund
D:6:      layout_basic, serial_shops, shop_fountains
D:7:      cheibrodos_fzero, layout_cave_pools, serial_undead, serial_undead_a,
          serial_undead_c, serial_undead_f, serial_undead_b, serial_shops,
          kennysheep_little_box, uniq_duvessa, uniq_crazy_yiuf_cottage
D:8:      layout_cave_pools, lair_entry_dummy, minmay_misc_feat_nine_boxes
Temple:   nicolae_temple_the_god_donut

Skill      XL: |  1  2  3  4  5  6  7  8  9 |
---------------+----------------------------+-----
Fighting       | 2 3 4 5 |  5.7
Transmutations | 3 4 5 7 |  7.6
Unarmed Combat | 4 5 6 7 8 |  8.1
Spellcasting   | 4 5 6 |  6.0
Dodging        | |  1.7

Action                   |  1- 3 |  4- 6 |  7- 9 || total
-------------------------+-------+-------+-------++-------
Melee: Unarmed           |    92 |   178 |   321 ||   591
       Kick              |    15 |    33 |    78 ||   126
       Headbutt          |    11 |    18 |    46 ||    75
       Tailslap          |     3 |    18 |    34 ||    55
       Punch             |       |       |     4 ||     4
Throw: Dart              |       |     5 |    22 ||    27
 Cast: Beastly Appendage |    26 |    32 |    43 ||   101
       Wereblood         |    10 |    27 |    21 ||    58
 Abil: Breathe Dispellin |       |       |    16 ||    16
  Use: Potion            |     1 |     2 |     9 ||    12
       Scroll            |       |     9 |     6 ||    15
 Stab: Sleeping          |     1 |     2 |       ||     3
       Invisible         |       |     2 |       ||     2
Armor: Skin              |    24 |    55 |   128 ||   207
Dodge: Dodged            |    56 |   105 |   240 ||   401
